[Event "Titled Tuesday Blitz August 09 Early 2022"]
[White "Yaksin, Oleg"]
[Black "Williams, Simon K"]
[WhiteFideId "24105880"]
[BlackFideId "404454"]
[WhiteElo "2256"]
[BlackElo "2468"]
[Result "0-1"]
[Round "11"]
[TimeControl "180+1"]
[Date "2022.08.09"]
[WhiteClock "0:00:03"]
[BlackClock "0:00:13"]

1. d4 e6 2. c4 f5 3. g3 Nf6 4. Bg2 Be7 5. Nf3 O-O 6. O-O d6 7. Nc3 a5 8. b3 Ne4 9. Bb2 Nxc3 10. Bxc3 Qe8 11. Qc2 Nd7 12. e4 f4 13. e5 dxe5 14. dxe5 Qh5 15. h3 Nc5 16. g4 Qh6 17. Rad1 Bd7 18. Nd4 f3 19. Nxf3 Rxf3 20. Bxf3 Qxh3 21. Qe2 Rf8 22. Bg2 Qxc3 23. f4 Qg3 24. Qf3 Qh4 25. Qh3 Qxh3 26. Bxh3 Bc6 27. Kh2 Ne4 28. Bg2 Bc5 29. g5 Be3 30. Bxe4 Bxe4 31. Kg3 Bc6 32. Rd3 Bc5 33. Rfd1 Be7 34. a4 Kf7 35. Kg4 Kg6 36. Rh3 Be4 37. Kg3 Bc6 38. Rd2 Bb4 39. Rdh2 Rh8 40. Kg4 Be4 41. Re3 Bf5+ 42. Kg3 Bc5 43. Ree2 h5 44. Rd2 Rf8 45. Rd7 Bg4 46. Rxc7 Be3 47. Rh4 Bxf4+ 48. Kg2 Kxg5 49. Rh1 b6 50. Re1 g6 51. Rc6 h4 52. Rxb6 h3+ 53. Kf2 Bd2+ 54. Kg1 Bxe1 0-1


[Site "https://www.chess.com"]

[Event "Titled Tuesday Blitz August 09 Early 2022"]
[White "Yedidia, Daniel"]
[Black "Bilych, Olexiy"]
[WhiteFideId "30905907"]
[BlackFideId "14156504"]
[WhiteElo "2547"]
[BlackElo "2157"]
[Result "0-1"]
[Round "11"]
[TimeControl "180+1"]
[Date "2022.08.09"]
[WhiteClock "0:01:23"]
[BlackClock "0:01:34"]

1. d4 Nf6 2. c4 e6 3. Nc3 Bb4 4. e3 O-O 5. Bd3 d5 6. Nf3 c5 7. O-O dxc4 8. Bxc4 cxd4 9. exd4 b6 10. Bg5 Bb7 11. Rc1 Nbd7 12. Qd3 h6 13. Bh4 Rc8 14. Ba6 Bxa6 15. Qxa6 Bxc3 16. bxc3 Qc7 17. Bg3 Qc4 18. Qa3 Nd5 19. Nd2 Qd3 20. Nb1 a5 21. Rfd1 Qa6 22. Nd2 b5 23. h3 Nxc3 24. Re1 b4 25. Qa4 Ne2+ 26. Kh2 Nb6 27. Qd1 Rxc1 28. Qxe2 Qxe2 29. Rxe2 Rc2 30. Bf4 Rxa2 31. Re5 Nd5 0-1


[Site "https://www.chess.com"]

[Event "Titled Tuesday Blitz August 09 Early 2022"]
[White "Zemlyanskii, Ivan"]
[Black "Janaszak, Dawid"]
[WhiteFideId "24249971"]
[BlackFideId "1119206"]
[WhiteElo "1879"]
[BlackElo "2165"]
[Result "1-0"]
[Round "11"]
[TimeControl "180+1"]
[Date "2022.08.09"]
[WhiteClock "0:00:52"]
[BlackClock "0:00:04"]

1. d4 d5 2. c4 dxc4 3. e3 e5 4. Bxc4 exd4 5. exd4 Nf6 6. Nf3 Bd6 7. O-O O-O 8. Nc3 Bg4 9. h3 Bh5 10. g4 Bg6 11. Ne5 c5 12. Nxg6 hxg6 13. dxc5 Bxc5 14. Bxf7+ Kxf7 15. Qb3+ Ke8 16. Re1+ Be7 17. Qxb7 Nbd7 18. Bf4 Rf7 19. Nb5 Kf8 20. Nc7 Nc5 21. Qxa8 Qxa8 22. Nxa8 Nd3 23. Bg3 Nxe1 24. Rxe1 Nd5 25. Re5 Nb4 26. Nc7 Kg8 27. Ne6 Nxa2 28. Ra5 Nc1 29. Rxa7 Ne2+ 30. Kg2 Nxg3 31. fxg3 Bd6 32. Ra8+ Kh7 33. Ng5+ 1-0


[Site "https://www.chess.com"]

[Event "Titled Tuesday Blitz August 09 Early 2022"]
[White "Zhigalko, Sergei"]
[Black "Bharath Subramaniyam H"]
[WhiteFideId "13502956"]
[BlackFideId "46634827"]
[WhiteElo "2662"]
[BlackElo "2346"]
[Result "0-1"]
[Round "11"]
[TimeControl "180+1"]
[Date "2022.08.09"]
[WhiteClock "0:00:01"]
[BlackClock "0:00:45"]

1. e4 c5 2. Nf3 e6 3. c3 Nf6 4. e5 Nd5 5. Bc4 d6 6. d4 cxd4 7. cxd4 Nc6 8. O-O Be7 9. Bd2 O-O 10. Nc3 Nb6 11. Bb3 dxe5 12. dxe5 Nb4 13. Ne4 Bd7 14. Nf6+ gxf6 15. exf6 Bxf6 16. Bxb4 Re8 17. Qd6 Bc6 18. Qg3+ Kh8 19. Ne5 Bxe5 20. Qxe5+ f6 21. Qh5 Rg8 22. g3 Nd5 23. Bd2 Qd7 24. Rfe1 Rae8 25. Rad1 Qg7 26. Bc2 Re7 27. Re4 Be8 28. Qh4 Bg6 29. Bh6 Qf7 30. Re2 Bh5 31. Rde1 Bxe2 32. Rxe2 Rc7 33. Be4 Ne7 34. Qf4 Ng6 35. Qd6 Rd7 36. Qb4 Rd1+ 37. Kg2 Nh4+ 38. Kh3 Qh5 39. f3 Nf5+ 40. Kg2 Rxg3+ 41. Kf2 Qxh2# 0-1


[Site "https://www.chess.com"]

[Event "Titled Tuesday Blitz August 09 Early 2022"]
[White "Ziatdinov, Raset"]
[Black "Gheorghiu, Calin"]
[WhiteFideId "2015323"]
[BlackFideId "1200305"]
[WhiteElo "2220"]
[BlackElo "2168"]
[Result "0-1"]
[Round "11"]
[TimeControl "180+1"]
[Date "2022.08.09"]
[WhiteClock "0:00:28"]
[BlackClock "0:00:10"]

1. e4 c5 2. Nf3 d6 3. d4 cxd4 4. Nxd4 Nf6 5. Nc3 a6 6. Be2 e5 7. Nb3 Be7 8. Be3 Be6 9. O-O O-O 10. Qd2 Nbd7 11. f4 exf4 12. Bxf4 Ne5 13. Rad1 Qc7 14. Nd4 Rfe8 15. Nxe6 fxe6 16. Qe3 b5 17. a3 Qa7 18. Qxa7 Rxa7 19. Bxe5 dxe5 20. h3 Bc5+ 21. Kh2 Bd4 22. Bf3 Rc7 23. Rd3 Rec8 24. Rfd1 Bxc3 25. bxc3 Rxc3 26. R1d2 Kf7 27. g4 g5 28. h4 h6 29. hxg5 hxg5 30. Kg3 Rxd3 31. cxd3 Rc3 32. a4 b4 33. Rb2 a5 34. Be2 Nxe4+ 35. Kf3 Nc5 36. Ra2 e4+ 37. Ke3 exd3 38. Bd1 e5 39. Rf2+ Ke6 40. Rf5 d2+ 41. Kxd2 Ne4+ 42. Ke1 Re3+ 43. Kf1 b3 44. Rf8 Nc5 45. Rb8 Rd3 46. Be2 Rc3 47. Rb6+ Kd5 48. Kf2 Nxa4 49. Rb5+ Nc5 50. Ke1 a4 51. Kd2 Rc2+ 52. Kd1 a3 53. Ra5 a2 54. Bf3+ Kd4 55. Ra8 Rb2 56. Rd8+ Kc3 57. Ra8 Rb1+ 58. Ke2 a1=Q 59. Rc8 Qb2+ 60. Ke3 Re1+ 61. Be2 Qxe2# 0-1


[Site "https://www.chess.com"]

[Event "Titled Tuesday Blitz August 09 Early 2022"]
[White "parintele_chess"]
[Black "Buscar, Michael"]
[BlackFideId "2603616"]
[WhiteElo "2235"]
[BlackElo "2010"]
[Result "0-1"]
[Round "11"]
[TimeControl "180+1"]
[Date "2022.08.09"]
[WhiteClock "0:01:23"]
[BlackClock "0:01:39"]

1. d4 Nf6 2. c4 e6 3. Nc3 c5 4. d5 exd5 5. cxd5 d6 6. e4 g6 7. f4 Bg7 8. Bb5+ Bd7 9. e5 dxe5 10. fxe5 Nh5 11. g4 Qh4+ 12. Kf1 Ng3+ 13. Kg2 Nxh1 14. Bxd7+ Nxd7 15. e6 Ne5 16. exf7+ Kf8 17. Kxh1 Nxg4 18. Nf3 Nf2+ 19. Kg2 Nxd1 20. Nxh4 Nxc3 21. bxc3 Bxc3 22. Rb1 b6 23. Rb3 Bf6 24. Bh6+ Kxf7 25. Rf3 Ke7 26. d6+ Ke6 27. Kh3 Bxh4 28. Kxh4 Kxd6 29. Rd3+ Kc6 30. Bg7 Rhd8 31. Re3 Rd5 32. a4 Rad8 33. Re7 R8d7 34. Re6+ Kb7 35. Bf8 Rd4+ 36. Kg5 Rxa4 37. Re5 Rad4 38. Kf6 R4d5 39. Re6 Rf5# 0-1